 Dungeon Crawl Stone Soup version 0.21.1-1-g345015f (webtiles) character file.

31 glosham the Insei (level 3, -2/18 HPs)
             Began as a Vine Stalker Transmuter on June 3, 2018.
             Killed from afar by an orc wizard (4 damage)
             ... with a magic dart
             ... on level 4 of the Dungeon.
             The game lasted 00:04:18 (122 turns).

glosham the Insei (Vine Stalker Transmuter)          Turns: 122, Time: 00:04:19

Health: -2/18      AC:  2    Str: 12    XL:     3   Next: 22%
Magic:  0/7        EV: 12    Int: 14    God:
Gold:   20         SH:  0    Dex: 14    Spells: 5/6 levels left

rFire    . . .     SeeInvis .     - Unarmed
rCold    . . .     Gourm    .   (no shield)
rNeg     . . .     Faith    .   b - +0 robe
rPois    .         Spirit   +   (no helmet)
rElec    .         Reflect  .   (no cloak)
rCorr    .         Harm     .   (no gloves)
MR       .....                  (boots currently unavailable)
Stlth    +.........             (no amulet)
HPRegen  0.06/turn              (no ring)
MPRegen  0.10/turn              (no ring)

@: appendage (expiring)
A: fangs 2, talons 3, magic shield, antimagic bite, no potion heal 3, rot
immunity
a: End Transformation


You were on level 4 of the Dungeon.
You were not hungry.
You had grown temporary talons.
You visited 1 branch of the dungeon, and saw 4 of its levels.

You collected 20 gold pieces.

Inventory:

Missiles
 a - 12 arrows
Armour
 b - a +0 robe (worn)
Wands
 f - a wand of disintegration (8)
Scrolls
 e - a scroll of noise {unknown}
Books
 c - a book of Changes

   Spells                             Type                      Level
   a - Beastly Appendage              Transmutation                1
   b - Sticks to Snakes               Transmutation                2
   c - Spider Form                    Transmutation/Poison         3
   d - Ice Form                       Ice/Transmutation            4
   e - Blade Hands                    Transmutation                5
Comestibles
 d - 2 rations


   Skills:
 + Level 1.6 Fighting
 - Level 1.5 Dodging
 * Level 3.9 Unarmed Combat
 - Level 2.1 Spellcasting
 - Level 2.0 Transmutations


You had 5 spell levels left.
You knew the following spells:

 Your Spells              Type           Power        Failure   Level  Hunger
z - Beastly Appendage     Tmut           #.....       11%         1    #......


Dungeon Overview and Level Annotations

Branches:
Dungeon (4/15)
 Temple: D:4-7

Altars:


Innate Abilities, Weirdness & Mutations

You have extremely sharp teeth.
When hurt, damage is shared between your health and your magic reserves.
Your bite disrupts and absorbs the magic of your enemies.
Potions cannot restore your health.
You are immune to rotting.
You have claws for feet.


Message History

Aiming: Disintegrate
Press: ? - help, Shift-Dir - straight line, f - dart slug
Aim: a dart slug (clinging, chance to defeat MR: 80%)
The dart slug is blasted.
You blow up the dart slug!
Casting: Beastly Appendage
Confirm with . or Enter, or press ? or * to list all spells.
Okay, then.
Okay, then.
An orc priest comes into view. It is wielding a whip.
You see here 31 arrows.
The orc wizard mumbles some strange words.
The orc wizard blinks!
The orc wizard gestures at you while chanting.
The magic dart hits you!
Evoke which item? (* to show all) (? for menu, Esc to quit)
Aiming: Disintegrate
Press: ? - help, Shift-Dir - straight line, f - orc wizard
Aim: an orc wizard, wielding a dagger and wearing a robe (chance to defeat MR: 65%)
The orc wizard struggles to resist.
The orc barely misses you.
Evoke which item? (* to show all) (? for menu, Esc to quit)
Aiming: Disintegrate
Press: ? - help, Shift-Dir - straight line, f/p - orc wizard
Aim: an orc wizard, wielding a dagger and wearing a robe (chance to defeat MR: 65%)
The orc wizard struggles to resist.
The orc wizard barely misses you. The orc barely misses you.
Evoke which item? (* to show all) (? for menu, Esc to quit)
Aiming: Disintegrate
Press: ? - help, Shift-Dir - straight line, f/p - orc wizard
Aim: an orc wizard, wielding a dagger and wearing a robe (chance to defeat MR: 65%)
The orc wizard struggles to resist.
The orc wizard casts a spell at you. The magic dart hits you!
* * * LOW HITPOINT WARNING * * *
The orc closely misses you.
You aren't carrying any potions.
Unknown command.
The orc wizard casts a spell at you. The magic dart hits you!
You die...

#.. #o. #.# .o#
#####.# ..##.# #
#.##.# #.##@##o# #
#.....o.### #.
####.o%...# . .#
#.†....#.# ..##.
######.#..#.#.#
#....#......#....# #
...#..#......#......#
.............#>.#.#(#
#.##.#<............#


You could see an orc wizard and an orc.

Vanquished Creatures
  A worker ant (D:4)
  A dart slug (D:4)
  A leopard gecko (D:4)
  A hobgoblin (D:1)
  2 frilled lizards
  A leopard gecko skeleton (D:4)
  A rat (D:1)
8 creatures vanquished.

Notes
Turn   | Place    | Note
-------+----------+-------------------------------------------
     0 | D:1      | glosham the Vine Stalker Transmuter began the quest for the Orb.
     0 | D:1      | Reached XP level 1. HP: 9/9 MP: 4/4
    32 | D:1      | Reached skill level 1 in Fighting
    87 | D:3      | Found a faded altar of an unknown god.
    98 | D:4      | Noticed a worker ant
    98 | D:4      | Killed a worker ant
    98 | D:4      | Reached XP level 2. HP: 12/14 MP: 4/6
    98 | D:4      | Reached XP level 3. HP: 15/18 MP: 4/7
   122 | D:4      | Killed from afar by an orc wizard

Skill      XL: |  1 |
---------------+----+-----
Fighting       | 1 |  1.6
Dodging        | |  1.5
Unarmed Combat | |  3.9
Spellcasting   | |  2.1
Transmutations | |  2.0

Action                   || total
-------------------------++-------
Melee: Unarmed           ||    22
       Bite              ||     7
       Headbutt          ||     2
       Kick              ||     1
 Cast: Beastly Appendage ||     6
Evoke: Wand              ||     5
Armor: Robe              ||     2
Dodge: Dodged            ||    18

Table legend:
 A = Turns spent in this place as a percentage of turns spent in the entire game.
 B = Non-inter-level travel turns spent in this place as a percentage of non-inter-level travel turns spent in the entire game.
 C = Inter-level travel turns spent in this place as a percentage of turns spent in this place.
 D = Turns resting spent in this place as a percentage of non-inter-level travel turns spent in this place.
 E = Turns spent auto-exploring this place as a percentage of non-inter-level travel turns spent in this place.
 F = Non-inter-level travel turns spent in this place divided by the number of levels of this place that you've seen.
                   A       B       C       D       E      F
               +-------+-------+-------+-------+-------+----------------------
         Total | 100.0 | 100.0 |   0.0 |   0.0 |   0.0 |  30.5
       Dungeon | 100.0 | 100.0 |   0.0 |   0.0 |   0.0 |  30.5
               +-------+-------+-------+-------+-------+----------------------

Table legend:
 A = Kills in this place as a percentage of kills in entire the game.
 B = Kills by you in this place as a percentage of kills by you in the entire game.
 C = Kills by friends in this place as a percentage of kills by friends in the entire game.
 D = Other kills in this place as a percentage of other kills in the entire game.
 E = Experience gained in this place as a percentage of experience gained in the entire game.
 F = Experience gained in this place divided by the number of levels of this place that you have seen.
                   A       B       C       D       E      F
               +-------+-------+-------+-------+-------+----------------------
         Total | 100.0 | 100.0 |   N/A |   N/A | 100.0 |  11.2
       Dungeon | 100.0 | 100.0 |   N/A |   N/A | 100.0 |  11.2
               +-------+-------+-------+-------+-------+----------------------

Vault maps used:
D:1:      eino_arrival_water_star
D:2:      grunt_gozag_breadcrumbs, first_ration, uniq_jessica
D:3:      chequers_ecumenical_altar_simple, nrook_mini_backslash,
          dk_noncrumbling_3
D:4:      zin_academy, chequers_temple_overflow_minitemple, lemuel_doored_altar,
          minmay_temple_entry_fiery, uniq_blork_the_orc
